 Dungeon Crawl Stone Soup version 0.32-a0-114-g70af1cc7 (webtiles) character file.

Game seed: 15840609253933322358

32 jagoly the Shooter (level 2, -1/24 HPs)
             Began as a Demigod Hunter on Feb 6, 2024.
             Slain by a gnoll
             ... wielding a +0 whip
              (9 damage)
             ... on level 2 of the Dungeon.
             The game lasted 00:03:22 (1124 turns).

jagoly the Shooter (Demigod Hunter)                 Turns: 1124, Time: 00:03:22

Health: -1/24      AC:  3    Str: 12    XL:     2   Next: 93%
Magic:  4/4        EV: 12    Int: 11    God:
Gold:   128        SH:  0    Dex: 17    Spells: 1/1 levels left

rFire   . . .        a - +0 shortbow
rCold   . . .        (shield currently unavailable)
rNeg    . . .        c - +0 leather armour
rPois   .            (no helmet)
rElec   .            (no cloak)
rCorr   .            (no gloves)
SInv    .            (no boots)
Will    .....        (no amulet)
Stlth   ++           (no ring)
HPRegen 0.24/turn    (no ring)
MPRegen 0.09/turn

%: no passive effects
@: no status effects
A: high MP 1, forlorn, divine attributes
a: no special abilities


You were on level 2 of the Dungeon.
You visited 1 branch of the dungeon, and saw 2 of its levels.

You collected 128 gold pieces.

Inventory:

Hand Weapons
 a - a +0 shortbow (weapon)
Missiles
 d - 13 stones
 e - 5 javelins
Armour
 c - a +0 leather armour (worn)
Scrolls
 b - a scroll of butterflies
 h - a scroll of enchant weapon {unknown}
 i - a scroll of identify {unknown}
 j - a scroll of amnesia {unknown}
Potions
 f - a potion of resistance {unknown}
 g - a potion of invisibility {unknown}


   Skills:
 + Level 2.1 Fighting
 * Level 4.0 Ranged Weapons
 + Level 2.1 Dodging
 + Level 1.4 Stealth


You had one spell level left.
You didn't know any spells.
Your spell library was empty.

Dungeon Overview and Level Annotations

Branches:
Dungeon (2/15) Zot: 10852


Innate Abilities, Weirdness & Mutations

You have an increased reservoir of magic. (+10% MP)
You shall have no god before yourself.
Your divine heritage dramatically boosts your attributes as you level up.


Message History

Welcome, jagoly the Demigod Hunter.
Will you be the one to retrieve the wondrous Orb of Zot from the depths?
Press ? for a list of commands and other information.
Found 4 stones.
Found a staircase leading out of the dungeon.
You see here 4 stones.
d - 4 stones
There is a staircase leading out of the dungeon here.
A bat comes into view.
You shoot an arrow. The arrow hits the bat!
You kill the bat!
No target in view!
A bat comes into view.
Found 24 gold pieces and 5 javelins.
You shoot an arrow.
The arrow hits the bat but does no damage.
You shoot an arrow. The arrow barely misses the bat.
The bat barely misses you. The bat closely misses you.
You shoot an arrow. The arrow closely misses the bat.
The bat hits you but does no damage.
You shoot an arrow. The arrow barely misses the bat.
The bat closely misses you.
You shoot an arrow. The arrow misses the bat.
The bat hits you.
You shoot an arrow. The arrow hits the bat!
You kill the bat!
Your Stealth skill increases to level 1!
No target in view!
No target in view!
You see here 5 javelins.
e - 5 javelins
Found a sling.
You now have 1 gold piece.
You now have 11 gold pieces (gained 10).
You now have 25 gold pieces (gained 14).
f - a sapphire potion You now have 37 gold pieces (gained 12).
A quokka comes into view.
You see here 8 gold pieces.
You shoot an arrow. The arrow hits the quokka!
You kill the quokka!
No target in view!
No target in view!
You now have 45 gold pieces (gained 8).
g - a black potion
h - a scroll labelled DAAGAIK QIXIFI
Found a stone staircase leading down.
Found an escape hatch in the floor.
A malevolent force fills the Dungeon...
You fall into a shaft and drop 1 floor!
The shaft crumbles and collapses.
Found a ring mail, a leather armour and 3 stones.
A gnoll comes into view. It is wielding a +1 whip of venom.
A gnoll comes into view. It is wielding a +0 whip.
A gnoll comes into view. It is wielding a +0 spear.
Found a stone staircase leading down.
A giant cockroach comes into view.
A giant cockroach is nearby!
You shoot an arrow.
The arrow hits the giant cockroach but does no damage.
You shoot an arrow.
The arrow completely misses the giant cockroach.
The giant cockroach bites you but does no damage.
The giant cockroach closely misses you.
You shoot an arrow.
The arrow hits the giant cockroach but does no damage.
The giant cockroach barely misses you.
You shoot an arrow.
The arrow closely misses the giant cockroach.
The giant cockroach misses you. x2
You shoot an arrow.
The arrow closely misses the giant cockroach.
The giant cockroach closely misses you.
You shoot an arrow.
The arrow hits the giant cockroach but does no damage.
The giant cockroach bites you but does no damage. x2
You shoot an arrow.
The arrow hits the giant cockroach but does no damage.
The giant cockroach closely misses you.
You shoot an arrow.
The arrow closely misses the giant cockroach.
The giant cockroach closely misses you. The giant cockroach bites you.
You shoot an arrow.
The arrow closely misses the giant cockroach.
The giant cockroach misses you.
You shoot an arrow.
The arrow hits the giant cockroach but does no damage.
The giant cockroach barely misses you.
The giant cockroach bites you but does no damage.
You shoot an arrow. The arrow hits the giant cockroach!
You kill the giant cockroach!
No target in view!
A hobgoblin comes into view.
A hobgoblin is nearby!
You shoot an arrow. The arrow hits the hobgoblin!
You kill the hobgoblin!
A jackal comes into view.
The jackal barks!
You shoot an arrow.
The arrow hits the jackal but does no damage.
The jackal barely misses you. x2
You shoot an arrow. The arrow misses the jackal.
You hear a bark!
The jackal bites you but does no damage.
You shoot an arrow. The arrow barely misses the jackal.
The jackal bites you but does no damage.
A jackal comes into view.
The jackal bites you but does no damage.
A jackal comes into view.
You shoot an arrow. The arrow hits the jackal.
The jackal is moderately wounded.
The jackal bites you but does no damage.
The jackal closely misses you.
Fire: a) +0 shortbow
Press: ? - help, Q - select action, (/) - cycle Shift-Dir - straight line, f - jackal, p - jackal
Aim: a jackal (53% to hit)
You shoot an arrow. The arrow closely misses the jackal.
The arrow barely misses the jackal.
The arrow hits the jackal but does no damage.
You hear a bark!
A jackal comes into view.
The jackal closely misses you.
Fire: a) +0 shortbow
Press: ? - help, Q - select action, (/) - cycle Shift-Dir - straight line, f/p - jackal
Aim: a jackal (53% to hit)
Okay, then.
The jackal barely misses you.
You shoot an arrow. The arrow closely misses the jackal.
The arrow hits the jackal.
The jackal is moderately wounded.
The jackal bites you.
You shoot an arrow. The arrow closely misses the jackal.
The arrow hits the jackal.
The jackal is heavily wounded.
The jackal closely misses you.
The jackal bites you but does no damage.
You shoot an arrow.
The arrow hits the jackal but does no damage.
The jackal bites you but does no damage.
The jackal bites you.
You shoot an arrow. The arrow misses the jackal.
The arrow closely misses the jackal. x2; The arrow hits the jackal!
You kill the jackal!
The jackal barely misses you.
The jackal bites you but does no damage.
You shoot an arrow. The arrow barely misses the jackal.
The arrow hits the jackal.
You kill the jackal!
The jackal misses you.
The jackal bites you but does no damage.
You shoot an arrow. The arrow closely misses the jackal.
The arrow hits the jackal but does no damage.
The jackal closely misses you.
You shoot an arrow. The arrow hits the jackal!
You kill the jackal!
Your Fighting skill increases to level 2!
Your Dodging skill increases to level 2!
You have reached level 2!
You shoot an arrow. The arrow misses the jackal.
The jackal barely misses you. The jackal misses you.
You shoot an arrow. The arrow closely misses the jackal.
The jackal closely misses you.
The jackal bites you but does no damage.
You shoot an arrow. The arrow closely misses the jackal.
The jackal closely misses you. The jackal bites you.
You shoot an arrow.
The arrow hits the jackal but does no damage.
The jackal bites you.
You shoot an arrow. The arrow closely misses the jackal.
The jackal closely misses you. The jackal misses you.
You shoot an arrow. The arrow closely misses the jackal.
The jackal bites you. x2
You shoot an arrow. The arrow hits the jackal.
The jackal is almost dead.
The jackal closely misses you.
You shoot an arrow. The arrow hits the jackal.
You kill the jackal!
No target in view!
HP restored.
You see here a jackal corpse.
Found a stone staircase leading up.
You now have 58 gold pieces (gained 13).
You now have 70 gold pieces (gained 12).
Key pressed, stopping explore.
Unknown command.
There is a stone staircase leading up here.
You climb upwards.
There is a stone staircase leading down here.
A quokka comes into view.
You see here 14 gold pieces.
You shoot an arrow. The arrow hits the quokka.
The quokka is almost dead.
The quokka twitches its whiskers.
You shoot an arrow. The arrow misses the quokka.
You shoot an arrow. The arrow closely misses the quokka.
The quokka barely misses you. The quokka closely misses you.
You shoot an arrow. The arrow hits the quokka.
You kill the quokka!
No target in view!
You now have 84 gold pieces (gained 14).
A quokka comes into view.
You shoot an arrow. The arrow hits the quokka!
You kill the quokka!
You hear a loud squeak.
No target in view!
No target in view!
A rat comes into view.
The rat squeaks loudly.
You shoot an arrow. The arrow hits the rat.
You kill the rat!
No target in view!
No target in view!
i - a scroll labelled NUISKA JECETI You see here a rat corpse.
You now have 100 gold pieces (gained 16).
You see here a rat corpse.
You see here a quokka corpse.
Found a stone staircase leading down.
There is a stone staircase leading down here.
There is a stone staircase leading down here.
You see here a quokka corpse.
A kobold and a frilled lizard come into view.
You shoot an arrow.
The arrow closely misses the frilled lizard.
The kobold shouts!
The kobold throws a stone.
The stone hits you but does no damage.
You shoot an arrow.
The arrow barely misses the frilled lizard.
The kobold throws a stone.
The stone hits you.
You shoot an arrow.
The arrow closely misses the frilled lizard.
The frilled lizard bites you.
You shoot an arrow.
The arrow completely misses the frilled lizard.
The arrow misses the kobold.
The frilled lizard bites you.
You shoot an arrow.
The arrow closely misses the frilled lizard.
The arrow hits the kobold!
You kill the kobold!
The frilled lizard closely misses you.
You shoot an arrow. The arrow misses the frilled lizard.
The frilled lizard bites you.
You shoot an arrow. The arrow hits the frilled lizard.
You kill the frilled lizard!
No target in view!
No target in view!
HP restored.
d - 9 stones (gained 5)
You see here a +0 short sword.
You see here a frilled lizard corpse.
j - a scroll labelled ANUUHIGEGE
Found a dagger.
A dart slug comes into view.
You shoot an arrow. The arrow hits the dart slug.
The dart slug is heavily wounded.
You shoot an arrow. The arrow hits the dart slug.
The dart slug is severely wounded.
You shoot an arrow. The arrow hits the dart slug.
You kill the dart slug!
No target in view!
Found a stone staircase leading down.
There is a stone staircase leading down here.
A bat comes into view.
You shoot an arrow. The arrow barely misses the bat.
You shoot an arrow. The arrow hits the bat!
You kill the bat!
No target in view!
No target in view!
A dart slug comes into view.
You shoot an arrow. The arrow hits the dart slug.
The dart slug is severely wounded.
You shoot an arrow. The arrow hits the dart slug.
You kill the dart slug!
Your Ranged Weapons skill increases to level 4!
No target in view!
No target in view!
You see here a dart slug corpse.
Found a ring mail.
A kobold comes into view. It is wielding a +0 short sword.
Found 15 gold pieces.
You shoot an arrow.
The arrow hits the kobold but does no damage.
The kobold hits you but does no damage. x2
You shoot an arrow. The arrow closely misses the kobold.
The kobold closely misses you.
You shoot an arrow.
The arrow hits the kobold but does no damage.
The kobold hits you with a +0 short sword.
You shoot an arrow. The arrow hits the kobold.
The kobold is heavily wounded.
The kobold hits you with a +0 short sword.
You shoot an arrow. The arrow barely misses the kobold.
The kobold closely misses you.
The kobold hits you with a +0 short sword.
You shoot an arrow. The arrow closely misses the kobold.
The kobold hits you but does no damage.
You shoot an arrow. The arrow closely misses the kobold.
The kobold hits you but does no damage.
You shoot an arrow. The arrow hits the kobold.
You kill the kobold!
No target in view!
No target in view!
You see here a +0 ring mail.
d - 10 stones (gained 1)
You see here a +0 short sword.
You now have 115 gold pieces (gained 15).
Found a sling.
You now have 128 gold pieces (gained 13).
You see here a +0 sling.
Key pressed, stopping explore.
You see here a rat skeleton.
Done exploring.
Search for what [? for help]? throw Welcome back, jagoly the Demigod Hunter.
Press ? for a list of commands and other information.
Done exploring.
Unknown command.
There is a stone staircase leading down here.
You climb downwards.
There is a stone staircase leading up here.
Found a dagger.
Found an iron altar of Okawaru.
You see here a +0 dagger.
A ball python comes into view.
You see here 3 stones.
You shoot an arrow. The arrow hits the ball python.
The ball python hisses angrily.
The ball python is moderately wounded.
An endoplasm comes into view.
You shoot an arrow. The arrow hits the ball python!
You kill the ball python!
You shoot an arrow. The arrow hits the endoplasm.
The endoplasm is heavily wounded.
You shoot an arrow. The arrow hits the endoplasm.
You kill the endoplasm!
A rat comes into view.
You shoot an arrow. The arrow hits the rat!
You kill the rat!
No target in view!
No target in view!
d - 13 stones (gained 3)
A goblin comes into view. It is wielding a +0 whip.
You shoot an arrow. The goblin shouts!
The arrow hits the goblin!
You kill the goblin!
No target in view!
No target in view!
Found a club.
A giant cockroach comes into view.
You shoot an arrow.
The arrow hits the giant cockroach but does no damage.
You shoot an arrow. The gnoll shouts!
The arrow hits the giant cockroach.
The giant cockroach is severely wounded.
You shoot an arrow.
The arrow barely misses the giant cockroach.
The arrow hits the gnoll.
The gnoll is lightly wounded.
You shoot an arrow.
The arrow barely misses the giant cockroach.
The giant cockroach barely misses you.
You shoot an arrow.
The arrow closely misses the giant cockroach.
The gnoll shouts!
You hear a shout!
The giant cockroach bites you but does no damage.
The gnoll barely misses you.
The giant cockroach bites you but does no damage.
You shoot an arrow. The arrow hits the giant cockroach.
You kill the giant cockroach!
The gnoll hits you from afar with a +0 spear.
The gnoll attacks as it pursues you! The gnoll barely misses you.
The gnoll barely misses you. The gnoll attacks as it pursues you!
The gnoll barely misses you. The gnoll attacks as it pursues you!
The gnoll hits you from afar with a +0 spear!
You shoot an arrow. The arrow barely misses the gnoll.
The arrow hits the gnoll but does no damage.
The gnoll is lightly wounded.
You shoot an arrow. The arrow barely misses the gnoll.
The arrow completely misses the gnoll.
The arrow hits the gnoll.
The gnoll is moderately wounded.
The gnoll hits you with a +0 whip. The gnoll completely misses you.
The gnoll hits you from afar with a +0 spear.
You shoot an arrow. The arrow closely misses the gnoll.
The arrow barely misses the gnoll.
The arrow hits the gnoll.
The gnoll is moderately wounded.
The gnoll hits you but does no damage. The gnoll completely misses you.
You shoot an arrow.
The arrow hits the gnoll but does no damage.
The gnoll barely misses you. The gnoll hits you with a +0 whip.
* * * LOW HITPOINT WARNING * * *
Unknown command.
You shoot an arrow. The arrow closely misses the gnoll.
The arrow hits the gnoll.
The gnoll is moderately wounded.
The gnoll hits you from afar with a +0 spear.
* * * LOW HITPOINT WARNING * * *
The gnoll hits you with a +0 whip!
You die...

##........###
########
##...~~~~....#
#...⌠~~~~....#
#....~~~~....#
#......[...[.###
##.#.............
#...............
#.#.............
#.#####@####....
#. #g# .... ..
#g# ... #g### ..
#...# ...
#######.#.##....
.........g..#
............#
.........†..#


You could see 3 gnolls.

Vanquished Creatures
  2 dart slugs (D:1)
  A ball python (D:2)
  3 bats (D:1)
  An endoplasm (D:2)
  2 giant cockroaches (D:2)
  A goblin (D:2)
  A hobgoblin (D:2)
  4 jackals (D:2)
  2 kobolds (D:1)
  3 quokkas (D:1)
  A frilled lizard (D:1)
  2 rats
23 creatures vanquished.

Notes
Turn   | Place    | Note
-------+----------+-------------------------------------------
     0 | D:1      | jagoly the Demigod Hunter began the quest for the Orb.
     0 | D:1      | Reached XP level 1. HP: 17/17 MP: 3/3
    25 | D:1      | Reached skill level 1 in Stealth
   269 | D:1      | You fall into a shaft and drop 1 floor!
   388 | D:2      | Reached XP level 2. HP: 22/24 MP: 4/4
   866 | D:1      | Reached skill level 4 in Ranged Weapons
  1124 | D:2      | Slain by a gnoll

Illustrated notes

Levels and vault maps discovered:
D:1:      dpeg_arrival_pond, layout_basic, nicolae_houndstooth_variations
D:2:      layout_basic, basic_altar, serial_park_tiny_pond, wad_floor_pattern_2

Skill      XL: |  1  2 |
---------------+-------+-----
Stealth        | 1 |  1.4
Fighting       | 2 |  2.1
Dodging        | 2 |  2.1
Ranged Weapons | 4 |  4.0

Action                     || total
---------------------------++-------
   Fire: Shortbow          ||    85
 Armour: Leather armour    ||    44
  Dodge: Dodged            ||    41

Table legend: (Time is in decaauts)
 A = Elapsed time spent in this place.
 B = Non-inter-level travel time spent in this place.
 C = Inter-level travel time spent in this place.
 D = Time resting spent in this place.
 E = Time spent auto-exploring this place.
 F = Levels seen in this place.
 G = Mean time per level.
                   A        B        C        D        E       F      G
               +--------+--------+--------+--------+--------+-----+--------+
         Total |   1146 |   1113 |     33 |      0 |    864 |   2 |  573.0 |
       Dungeon |   1146 |   1113 |     33 |      0 |    864 |   2 |  573.0 |
               +--------+--------+--------+--------+--------+-----+--------+

Top non-repeatable levels by time:
     D:1: 883 daAuts
     D:2: 262 daAuts
